 Dungeon Crawl Stone Soup version 0.23.2-30-g0e89c35649 (webtiles) character file.

Game seed: 8147677047887512807

2558 ciekibolek the Carver (level 9, -7/78 HPs)
             Began as a Pale Draconian Berserker on June 25, 2019.
             Was an Elder of Trog.
             Mangled by a +0 long sword of chaos (17 damage)
             ... on level 6 of the Dungeon.
             The game lasted 00:30:24 (4009 turns).

ciekibolek the Carver (Pale Draconian Berserker)    Turns: 4009, Time: 00:30:25

Health: -7/78      AC: 12    Str: 27    XL:     9   Next: 31%
Magic:  1/9        EV: 14    Int:  5    God:    Trog [****..]
Gold:   265        SH:  5    Dex: 11    Spells: 8/8 levels left

rFire    + . .     SeeInvis .   y - +4 long sword
rCold    x . .     Gourm    +   i - +1 buckler
rNeg     . . .     Faith    .   (armour unavailable)
rPois    +         Spirit   .   (helmet restricted)
rElec    .         Reflect  .   k - +2 cloak {rPois}
rCorr    .         Harm     .   (no gloves)
MR       .....                  p - +1 pair of boots
Stlth    ++........             e - amulet of the gourmand
HPRegen  0.23/turn              j - +4 ring of strength
MPRegen  0.11/turn              t - ring of fire

@: hasted, very quick
A: breathe steam, unfitting armour, dopey 1, mutation resistance 1,
cold-blooded, AC +7
a: Breathe Steam, Berserk, Trog's Hand, Brothers in Arms, Renounce Religion


You were on level 6 of the Dungeon.
You worshipped Trog.
Trog was greatly pleased with you.
You were not hungry.

You visited 1 branch of the dungeon, and saw 7 of its levels.

You collected 265 gold pieces.

Inventory:

Hand Weapons
 a - a +1 falchion
 c - a +0 hunting sling
 d - a +0 giant spiked club
 l - a +0 scythe
 x - a +1 battleaxe
 y - a +4 long sword (weapon)
Missiles
 f - 85 stones (quivered)
Armour
 i - a +1 buckler (worn)
 k - a +2 cloak of poison resistance (worn)
 m - a +0 robe
 p - a +1 pair of boots (worn)
 A - a +0 cloak
Jewellery
 e - an amulet of the gourmand (around neck)
 j - a +4 ring of strength (left hand)
 t - a ring of fire (right hand)
Scrolls
 g - 4 scrolls of remove curse
 o - a scroll of immolation {unknown}
 q - 5 scrolls of identify
Potions
 h - a potion of haste
 r - 2 potions of cancellation {unknown}
 s - a potion of flight {unknown}
 u - a potion of curing {unknown}
 v - 2 potions of lignification {unknown}
 w - a potion of resistance {unknown}
 z - a potion of heal wounds {unknown}
 B - a potion of degeneration {unknown}
Comestibles
 b - 7 rations


   Skills:
 + Level 6.6 Fighting
 + Level 9.9 Long Blades
 + Level 5.3 Dodging
 + Level 2.9 Stealth
 + Level 2.8 Shields


You had 8 spell levels left.
You didn't know any spells.
Your spell library contained the following spells:

 Spells                   Type           Power        Failure   Level  Hunger
 Animate Skeleton         Necr           N/A          52%         1    ##.....
 Pain                     Necr           #...         52%         1    ##.....
 Regeneration             Chrm/Necr      #.........   88%         3    ####...
 Vampiric Draining        Necr           #.........   88%         3    ####...
 Animate Dead             Necr           N/A          99%         4    #####..


Dungeon Overview and Level Annotations

Branches:
Dungeon (7/15)             Temple (0/1) D:5

Altars:
Ashenzari
Makhleb
Xom

Annotations:
D:7 Alannah's ghost, novice TrHu


Innate Abilities, Weirdness & Mutations

You can breathe blasts of scalding, opaque steam.
Your pale cyan-grey scales are hard. (AC +7)
You cannot fit into any form of body armour.
You are cold-blooded and may be slowed by cold attacks.
You are dopey. (Int -2)
You are somewhat resistant to further mutation.


Message History

Eat one of 2 chunks of flesh? (ye/n/q)
You eat one of the 2 chunks of flesh.
This raw flesh tastes great.
You are feeling very hungry.
The +0 long sword of chaos hits you.
* * * LOW HITPOINT WARNING * * *
You feel yourself slow down. The +0 long sword of chaos freezes you.
* * * LOW HITPOINT WARNING * * *
Eat a chunk of flesh? (ye/n/q)
You eat one of the 8 rations.
That ration really hit the spot!
The +0 long sword of chaos hits you.
* * * LOW HITPOINT WARNING * * *
You feel your power leaking away.
Eat a chunk of flesh? (ye/n/q)
Okay, then.
Eat a chunk of flesh? (ye/n/q)
You eat the chunk of flesh.
This raw flesh tastes great.
You feel yourself speed up.
The +0 long sword of chaos hits you but does no damage.
The +0 long sword of chaos hits you!
You die...

.# #...# ####.................#
.## #...# #.................# ..#
##########.................# .##
#............>..รท..........#
..####.##########.........).....#
#..##......# #...............#
..###..###.### ##'#+############
.#.##..###.#.#####'#+#####
....#...........@(..<....#
#.####.###...##..........#
....##.# #...##..........#
.#.#(#.# #...............#
....(#)# #..###.#....#####
.#####)# #...........#
......)####.######.########
####..#.# #.# #..).)....
........# #.# #.........


You could see a +0 long sword of chaos.

Vanquished Creatures
  A hippogriff (D:7)
  Sigmund (D:2)
  A hungry ghost (D:7)
  An orc warrior (D:6)
  An ice beast (D:6)
  A sky beast (D:7)
  A necrophage (D:6)
  3 ogres
  2 big kobolds (D:7)
  2 bullfrogs (D:6)
  Blork the orc (D:5)
  2 scorpions
  8 wights
  A howler monkey (D:7)
  2 crimson imps
  2 jellies (D:7)
  2 hounds (D:7)
  An orc priest (D:6)
  A bullfrog skeleton (D:6)
  9 worker ants
  2 hound skeletons
  8 adders
  A shadow imp (D:7)
  2 adder skeletons
  An adder zombie (D:5)
  6 worms
  A dart slug (D:1)
  2 leopard geckos
  13 orcs
  9 bats
  4 giant cockroaches
  5 goblins
  7 hobgoblins
  4 jackals (D:1)
  2 quokkas
  A ball python (D:1)
  3 frilled lizards
  A jackal skeleton (D:7)
  7 kobolds
  A leopard gecko zombie (D:6)
  A quokka skeleton (D:7)
  2 quokka zombies
  4 rats
130 creatures vanquished.

Vanquished Creatures (others)
  5 fungi (D:7)
  A plant (D:4)
  10 toadstools (D:7)
16 creatures vanquished.

Grand Total: 146 creatures vanquished

Notes
Turn   | Place    | Note
-------+----------+-------------------------------------------
     0 | D:1      | ciekibolek the Draconian Berserker began the quest for the
                  | Orb.
     0 | D:1      | Reached XP level 1. HP: 19/19 MP: 1/1
   106 | D:1      | Reached XP level 2. HP: 13/26 MP: 2/2
   760 | D:2      | Reached XP level 3. HP: 20/33 MP: 3/3
   813 | D:2      | Reached ** piety under Trog
  1037 | D:2      | Noticed Sigmund
  1042 | D:2      | Killed Sigmund
  1042 | D:2      | Reached skill level 4 in Long Blades
  1042 | D:2      | Reached XP level 4. HP: 41/41 MP: 4/4
  1042 | D:2      | Reached XP level 5. HP: 47/47 MP: 5/5
  1093 | D:2      | Gained mutation: You are dopey. (Int -2) [potion of
                  | mutation]
  1093 | D:2      | Gained mutation: You are somewhat resistant to further
                  | mutation. [potion of mutation]
  1468 | D:3      | Reached skill level 5 in Long Blades
  1763 | D:3      | Reached XP level 6. HP: 46/53 MP: 6/6
  1918 | D:3      | Found a burning altar of Makhleb.
  2168 | D:4      | Found a shattered altar of Ashenzari.
  2175 | D:4      | Reached skill level 1 in Stealth
  2663 | D:5      | Entered Level 5 of the Dungeon
  2709 | D:5      | Your scales start taking on a pale cyan-grey colour.
  2709 | D:5      | Reached XP level 7. HP: 60/60 MP: 7/7
  2727 | D:5      | Reached skill level 6 in Long Blades
  2727 | D:5      | Reached skill level 1 in Shields
  2731 | D:5      | Reached *** piety under Trog
  2967 | D:5      | Found a staircase to the Ecumenical Temple.
  2969 | D:5      | Noticed Blork the orc
  2972 | D:5      | Reached skill level 5 in Fighting
  2982 | D:5      | Killed Blork the orc
  3181 | D:6      | Reached skill level 7 in Long Blades
  3198 | D:6      | Reached XP level 8. HP: 30/68 MP: 8/8
  3513 | D:6      | Reached skill level 8 in Long Blades
  3763 | D:7      | Found a shimmering altar of Xom.
  3773 | D:7      | Found a runed translucent door.
  3774 | D:7      | Found a shimmering altar of Xom.
  3774 | D:7      | Noticed Alannah's ghost (novice TrHu)
  3775 | D:7      | Noticed a +0 long sword of chaos
  3799 | D:7      | Reached skill level 9 in Long Blades
  3799 | D:7      | Reached skill level 5 in Dodging
  3803 | D:7      | Reached **** piety under Trog
  3812 | D:7      | Reached XP level 9. HP: 70/75 MP: 9/9
  4009 | D:6      | Mangled by a +0 long sword of chaos

Skill      XL: |  1  2  3  4  5  6  7  8 |
---------------+-------------------------+-----
Dodging        | 3 4 5 |  5.3
Fighting       | 4 5 6 |  6.6
Long Blades    | 4 5 7 9 |  9.9
Stealth        | 1 2 |  2.9
Shields        | 1 2 |  2.8

Action                   |  1- 3 |  4- 6 |  7- 9 || total
-------------------------+-------+-------+-------++-------
Melee: Falchion          |    80 |   114 |       ||   194
       Tailslap          |     7 |    21 |    28 ||    56
       Long sword        |       |       |   162 ||   162
Invok: Berserk           |     2 |     2 |     2 ||     6
 Abil: Breathe Steam     |       |       |     3 ||     3
  Use: Scroll            |     5 |     4 |     3 ||    12
       Potion            |       |     2 |     2 ||     4
 Stab: Sleeping          |     1 |     2 |     2 ||     5
       Distracted        |       |       |     1 ||     1
  Eat: Ration            |     1 |     1 |     2 ||     4
       Chunk             |       |     3 |     3 ||     6
Armor: Skin              |    38 |    30 |    53 ||   121
Dodge: Dodged            |    62 |    71 |    79 ||   212
Block: Buckler           |       |    16 |    38 ||    54
       Rpst.: Falchion   |    16 |    22 |       ||    38
       Long sword        |       |       |    23 ||    23
